 Dungeon Crawl Stone Soup version 0.22-a0-355-g201945f (webtiles) character file.

37 Amnesiac the Grave Robber (level 3, -1/21 HPs)
             Began as a Deep Elf Necromancer on Apr 17, 2018.
             Shot with a stone by a goblin (4 damage)
             ... on level 2 of the Dungeon.
             The game lasted 00:01:18 (906 turns).

Amnesiac the Grave Robber (Deep Elf Necromancer)     Turns: 906, Time: 00:01:19

Health: -1/21      AC:  2    Str:  5    XL:     3   Next: 21%
Magic:  9/9        EV: 13    Int: 20    God:
Gold:   104        SH:  0    Dex: 15    Spells: 1/8 levels left

rFire    . . .     SeeInvis .   k - +0 short sword (drain)
rCold    . . .     Gourm    .   (no shield)
rNeg     . . .     Faith    .   a - +0 robe
rPois    .         Spirit   .   (no helmet)
rElec    .         Reflect  .   (no cloak)
rCorr    .         Harm     .   (no gloves)
MR       .....                  (no boots)
Stlth    ++........             (no amulet)
HPRegen  0.07/turn              (no ring)
MPRegen  0.11/turn              (no ring)

@: no status effects
A: no striking features
a: no special abilities


You were on level 2 of the Dungeon.
You were not hungry.

You visited 1 branch of the dungeon, and saw 2 of its levels.

You collected 104 gold pieces.

Inventory:

Hand Weapons
 k - a +0 short sword of draining (weapon)
Armour
 a - a +0 robe (worn)
 n - a +0 helmet
Jewellery
 i - an uncursed ring of fire
Scrolls
 h - a scroll of magic mapping {!r, unknown}
 j - a scroll of identify {!r, unknown}
 m - a scroll of enchant armour {!r, unknown}
Potions
 d - 2 potions of curing {!q, unknown}
 e - 3 potions of agility {!q, unknown}
 f - 2 potions of flight {!q, unknown}
 g - a potion of heal wounds {!q, unknown}
 l - a potion of brilliance {!q, unknown}
Comestibles
 c - 2 rations


   Skills:
 * Level 2.0 Fighting
 - Level 2.4 Dodging
 - Level 2.4 Stealth
 + Level 3.4 Spellcasting
 - Level 5.0 Necromancy


You had one spell level left.
You knew the following spells:

 Your Spells              Type           Power        Failure   Level  Hunger
a - Pain                  Necr           ###.         1%          1    None
d - Vampiric Draining     Necr           ###.......   5%          3    ###....
r - Regeneration          Chrm/Necr      ##........   14%         3    ###....


Dungeon Overview and Level Annotations

Branches:
Dungeon (2/15)

Altars:


Message History

The hobgoblin barely misses you.
You hit the hobgoblin but do no damage. You drain the hobgoblin!
You kill the hobgoblin!
No target in view!
You now have 104 gold pieces (gained 10).
Some of the chunks of flesh in your inventory have rotted away.
Magic restored.
HP restored.
A worm comes into view.
Found 11 poisoned needles.
A worm is nearby!
A worm is nearby!
The helpless worm fails to defend itself.
You hit the worm. You drain the worm!
The worm is heavily wounded.
You hit the worm. You drain the worm!
The worm is almost dead.
The worm closely misses you.
You hit the worm.
You kill the worm!
No target in view!
Found a stone staircase leading down.
Some of the chunks of flesh in your inventory have rotted away.
A hobgoblin comes into view.
The hobgoblin shouts!
A hobgoblin is nearby!
The hobgoblin hits you but does no damage.
You hit the hobgoblin but do no damage. The hobgoblin completely misses you.
You hit the hobgoblin but do no damage. You drain the hobgoblin!
The hobgoblin is severely wounded.
The hobgoblin hits you.
You closely miss the hobgoblin.
The hobgoblin is severely wounded.
The hobgoblin hits you. The hobgoblin closely misses you.
You closely miss the hobgoblin.
The hobgoblin is severely wounded.
The hobgoblin hits you.
You hit the hobgoblin.
The hobgoblin is almost dead.
The hobgoblin closely misses you.
You hit the hobgoblin.
You kill the hobgoblin!
Your Fighting skill increases to level 2!
No target in view!
n - a helmet All of the chunks of flesh in your inventory have rotted away.
A worm comes into view.
A worm is nearby!
A goblin comes into view. It is wielding a club.
You see here a scroll labeled WYOGEPTULU {!r}.
The goblin shouts!
You hit the goblin.
The goblin is moderately wounded.
The goblin barely misses you.
You hit the goblin.
The goblin is severely wounded.
The goblin misses you. The worm bites you.
You barely miss the goblin.
The goblin is severely wounded.
The goblin barely misses you. The worm bites you!
* * * LOW HITPOINT WARNING * * *
The goblin unwields an uncursed club.
The goblin wields a hunting sling.
The goblin shoots a stone.
The stone hits you.
You die...

#. ....# #. ....#
..# ###..
#...#...#
.....##...#...#.
..........#.....
...........##...
......gw...#....
#.........
#@?....... .
######......... ..
#..............
...#.........##...
.............# ..
............## .
............#
..##.......#
###.....# .. ..


You could see a worm and a goblin.

Vanquished Creatures
  A worm (D:2)
  A dart slug (D:1)
  A leopard gecko (D:1)
  2 giant cockroaches (D:1)
  4 goblins (D:1)
  8 hobgoblins
  5 kobolds
  A ball python (D:1)
  A bat (D:1)
  A frilled lizard (D:1)
  A rat (D:1)
26 creatures vanquished.

Notes
Turn   | Place    | Note
-------+----------+-------------------------------------------
     0 | D:1      | Amnesiac the Deep Elf Necromancer began the quest for the Orb.
     0 | D:1      | Reached XP level 1. HP: 10/10 MP: 6/6
   157 | D:1      | Reached skill level 5 in Necromancy
   179 | D:1      | Reached skill level 1 in Fighting
   179 | D:1      | Reached XP level 2. HP: 13/16 MP: 5/8
   665 | D:1      | Reached XP level 3. HP: 17/21 MP: 5/9
   671 | D:1      | Learned a level 3 spell: Vampiric Draining
   675 | D:1      | Learned a level 3 spell: Regeneration
   906 | D:2      | Shot with a stone by a goblin

Vault maps used:
D:1:      dpeg_arrival_simpleton_c, minmay_small_reverse_x
D:2:      amethyst_overflow_temple_binary, uniq_jessica

Skill      XL: |  1  2  3 |
---------------+----------+-----
Necromancy     | 5 |  5.0
Fighting       | 1 2 |  2.0
Dodging        | |  2.4
Stealth        | |  2.4
Spellcasting   | |  3.4

Action                   || total
-------------------------++-------
Melee: Short sword       ||    16
 Cast: Pain              ||    35
 Stab: Sleeping          ||     1
Armor: Robe              ||     2
Dodge: Dodged            ||    11

Table legend:
 A = Spawn XP
 B = Non-spawn XP
 C = Spawn XP percentage of total XP
 D = Spawn monster count
 E = Non-spawn monster count
 F = Spawn count percentage of total count
 G = Total turns spent on level
                    A         B        C        D         E        F      G
               +---------+---------+-------+---------+---------+-------+---------
         Total |       0 |      53 |   0.0 |       0 |      26 |   0.0 |   906
               +---------+---------+-------+---------+---------+-------+---------
           D:1 |       0 |      43 |   0.0 |       0 |      22 |   0.0 |   807
           D:2 |       0 |      10 |   0.0 |       0 |       4 |   0.0 |    99
               +---------+---------+-------+---------+---------+-------+---------
